 Dungeon Crawl Stone Soup version 0.28.0 (webtiles) character file.

Game seed: 14737644610010964308

40 SnakkuSnakku7 the Chucker (level 3, 0/26 HPs)
             Began as a Merfolk Arcane Marksman on Feb 12, 2022.
             Succumbed to an adder's poison
             ... on level 2 of the Dungeon.
             The game lasted 00:03:15 (1795 turns).

SnakkuSnakku7 the Chucker (Merfolk Arcane Marksman) Turns: 1795, Time: 00:03:15

Health: 0/26       AC:  6    Str: 12    XL:     3   Next: 50%
Magic:  4/4        EV: 11    Int: 12    God:
Gold:   41         SH:  0    Dex: 14    Spells: 3/4 levels left

rFire   . . .      SeeInvis .   e - +0 whip
rCold   . . .      Faith    .   (no shield)
rNeg    . . .      Spirit   .   h - +0 ring mail
rPois   .          Reflect  .   (no helmet)
rElec   .          Harm     .   j - +0 cloak
rCorr   .          Rampage  .   (no gloves)
Will    .....                   (no boots)
Stlth   +.........              (no amulet)
HPRegen 0.08/turn               (no ring)
MPRegen 0.09/turn               (no ring)

@: lethally poisoned (0 -> -6)
A: (nimble swimmer 2), mertail
a: no special abilities


You were on level 2 of the Dungeon.
You visited 1 branch of the dungeon, and saw 2 of its levels.

You collected 41 gold pieces.

Inventory:

Hand Weapons
 e - a +0 whip (weapon)
Armour
 a - a +0 robe
 h - a +0 ring mail (worn)
 j - a +0 cloak (worn)
Scrolls
 d - a scroll of teleportation {unknown}
 g - a scroll of summoning {unknown}
 i - 2 scrolls of identify {unknown}


   Skills:
 - Level 1.1 Fighting
 + Level 3.8 Throwing
 - Level 2.6 Dodging
 - Level 1.0 Spellcasting
 - Level 3.0 Hexes


You had 3 spell levels left.
You knew the following spells:

 Your Spells              Type           Power      Damage    Failure   Level
a - Slow                  Hex            28%        N/A       21%         1

Your spell library contained the following spells:

 Spells                   Type           Power      Damage    Failure   Level
 Inner Flame              Hex/Fire       4%         N/A       73%         3
 Portal Projectile        Hex/Tloc       8%         N/A       73%         3
 Cause Fear               Hex            3%         N/A       89%         4


Dungeon Overview and Level Annotations

Branches:
Dungeon (2/15)

Altars:


Innate Abilities, Weirdness & Mutations

((You are very nimble when in or above water. (Stealth+, EV+, Speed+++)))
Your lower body shifts to a powerful aquatic tail in water.


Message History

Press: ? - help, Q - select action, (/) - cycle Shift-Dir - straight line, f/p - adder
Aim: an adder (heavily wounded, 40% to hit)
You throw a throwing net.
The throwing net closely misses the adder.
You feel sick. The adder barely misses you.
Throw: throwing net
Press: ? - help, Q - select action, (/) - cycle Shift-Dir - straight line, f/p - adder
Aim: an adder (heavily wounded, 40% to hit)
You throw a throwing net.
The throwing net barely misses the adder.
The adder bites you.
* * * LOW HITPOINT WARNING * * *
You aren't carrying any items that you can evoke.
Unknown command.
It was a potion of curing.
You feel better. The adder closely misses you.
You miss the adder.
The adder is heavily wounded.
The adder bites you.
You are poisoned.
The adder poisons you! The adder bites you.
You are lethally poisoned!
The adder poisons you!
You barely miss the adder.
The adder is heavily wounded.
* * * LOW HITPOINT WARNING * * *
You feel very sick. The adder closely misses you.
You miss the adder.
The adder is heavily wounded.
* * * LOW HITPOINT WARNING * * *
You feel very sick. The adder bites you.
* * * LOW HITPOINT WARNING * * *
You closely miss the adder.
The adder is heavily wounded.
* * * LOW HITPOINT WARNING * * *
You feel sick. The adder closely misses you. The adder barely misses you.
You closely miss the adder.
The adder is heavily wounded.
You die...

..# . .. #. ####.#
.## .... ..#####
#.###.......
####...(.......
#.......######.
#.##'##S# ####
#...#@# ###..
#.#.#.......#
#...####.#.####...##
#...#....#.. ..#
#...'.####### ...
#.††#....# ##
###.####.# #..†.# #
#.##.#


You could see an adder.

Vanquished Creatures
  2 dart slugs (D:1)
  3 endoplasms (D:1)
  7 goblins
  5 hobgoblins
  A quokka (D:2)
  A ball python (D:1)
  5 bats
  A frilled lizard (D:2)
  4 kobolds (D:1)
  7 rats
36 creatures vanquished.

Notes
Turn   | Place    | Note
-------+----------+-------------------------------------------
     0 | D:1      | SnakkuSnakku7 the Merfolk Arcane Marksman began the quest
                  | for the Orb.
     0 | D:1      | Reached XP level 1. HP: 15/15 MP: 2/2
   356 | D:1      | Reached XP level 2. HP: 13/21 MP: 3/3
   717 | D:1      | Found a faded altar of an unknown god.
   897 | D:1      | Reached XP level 3. HP: 4/26 MP: 4/4
  1795 | D:2      | Succumbed to an adder's poison

Illustrated notes

Levels and vault maps discovered:
D:1:      tarquinn_simple_flora_water_d, layout_rooms,
          ebering_ecumenical_altar_box, minmay_tetromino_i4
D:2:      layout_rooms, roderic_filled_cross, grunt_decor_junction,
          minmay_3d_cube, uniq_jessica

Skill      XL: |  1  2 |
---------------+-------+-----
Throwing       | 3 |  3.8
Fighting       | |  1.1
Dodging        | |  2.6
Spellcasting   | |  1.0
Hexes          | |  3.0

Action                   || total
-------------------------++-------
Melee: Whip              ||   134
       Unarmed           ||     4
       Punch             ||     1
Throw: Javelin           ||    10
       Throwing net      ||     2
  Use: Potion            ||     1
Armor: Robe              ||    33
       Ring mail         ||    37
Dodge: Dodged            ||   140
